 Dungeon Crawl Stone Soup version 0.26-a0-712-ga5a9c9c9d0 (webtiles) character file.

Game seed: 5472682394332236126

7720 graki42 the Thaumaturge (level 11, -10/54 HPs)
             Began as a Deep Elf Conjurer on Nov 8, 2020.
             Was a Priest of Vehumet.
             Mangled by a killer bee (11 damage)
             ... on level 10 of the Dungeon.
             The game lasted 00:38:17 (9277 turns).

graki42 the Thaumaturge (Deep Elf Conjurer)         Turns: 9277, Time: 00:38:18

Health: -10/54     AC:  7    Str:  9    XL:     11   Next: 0%
Magic:  30/38      EV: 12    Int: 24    God:    Vehumet [***...]
Gold:   422        SH:  5    Dex:  8    Spells: 23/34 levels left

rFire    . . .     SeeInvis +   y - +2 whip (elec)
rCold    + . .     Faith    .   (no shield)
rNeg     . . .     Spirit   .   B - +1 robe of Fortitude {Regen+ MP+9 Dex-5 SInv} (curse)
rPois    .         Reflect  +   n - +2 hat
rElec    .         Harm     .   (no cloak)
rCorr    .         Rampage  .   A - +1 pair of gloves
MR       +....                  (no boots)
Stlth    +++.......             u - amulet of Jennurphan {Reflect Str+2 SH+5 Stlth+}
HPRegen  0.58/turn              x - ring of protection from cold
MPRegen  0.26/turn              E - ring of see invisible

@: lethally poisoned (-10 -> -10)
A: no striking features
a: Renounce Religion


You were on level 10 of the Dungeon.
You worshipped Vehumet.
Vehumet was most pleased with you.
You visited 2 branches of the dungeon, and saw 11 of its levels.

You collected 422 gold pieces.

Inventory:

Hand Weapons
 y - a +2 whip of electrocution (weapon)
Armour
 n - a +2 hat (worn)
 A - a +1 pair of gloves (worn)
 B - the cursed +1 robe of Fortitude (worn) {Regen+ MP+9 Dex-5 SInv}
   (You found it on level 5 of the Dungeon)

   It affects your dexterity (-5).
   It affects your magic capacity (+9).
   It lets you see invisible.
   It increases your rate of regeneration.
   It has a curse placed upon it.
 C - a +1 buckler of protection
Jewellery
 u - the amulet of Jennurphan (around neck) {Reflect Str+2 SH+5 Stlth+}
   (You found it on level 4 of the Dungeon)

   [amulet of reflection]

   It shields you and reflects attacks.
   It affects your strength (+2).
   It affects your SH (+5).
   It makes you more stealthy.
 x - a ring of protection from cold (left hand)
 E - a ring of see invisible (right hand)
Wands
 b - a wand of flame (18)
 p - a wand of enslavement (7)
 F - a wand of disintegration (14)
Scrolls
 a - 2 scrolls of enchant weapon {unknown}
 c - 6 scrolls of enchant armour {unknown}
 e - 7 scrolls of remove curse {unknown}
 f - a scroll of blinking {unknown}
 g - 10 scrolls of teleportation {unknown}
 l - 2 scrolls of amnesia
 m - 2 scrolls of magic mapping
 v - a scroll of fear
 w - a scroll of fog {unknown}
 G - a scroll of immolation {unknown}
Potions
 d - 2 potions of brilliance
 h - a potion of cancellation
 i - 2 potions of stabbing
 j - 3 potions of heal wounds
 k - 3 potions of might
 o - 2 potions of lignification
 q - 2 potions of magic
 r - 3 potions of curing
 s - 2 potions of berserk rage
 t - 3 potions of flight
 z - 3 potions of mutation
 D - 2 potions of haste


   Skills:
 - Level 3.0 Dodging
 - Level 3.0 Stealth
 - Level 4.0 Shields
 + Level 12.4 Spellcasting
 + Level 11.4 Conjurations
 - Level 10.0 Hexes
 - Level 4.0 Translocations


You had 23 spell levels left.
You knew the following spells:

 Your Spells              Type           Power        Failure   Level
a - Magic Dart            Conj           ####         1%          1
b - Searing Ray           Conj           ######       1%          2
c - Fulminant Prism       Conj/Hex       ######....   1%          4
d - Iskenderun's Mystic   Conj/Tloc      ######..     1%          4

Your spell library contained the following spells:

 Spells                   Type           Power        Failure   Level
 Mephitic Cloud           Conj/Pois/Air  ####....     1%          3
 Apportation              Tloc           ####..       1%          1
 Corona                   Hex            ######.      1%          1
 Dazzling Flash           Conj/Hex       ######       1%          3
 Animate Skeleton         Necr           ##....       4%          1
 Summon Small Mammal      Summ           ##..         4%          1
 Corpse Rot               Necr/Air       N/A          6%          2
 Sublimation of Blood     Necr           ##........   6%          2
 Dispel Undead            Necr           ##......     38%         4
 Agony                    Necr           ##......     75%         5
 Excruciating Wounds      Necr           ##........   75%         5


Dungeon Overview and Level Annotations

Branches:
Dungeon (10/15)            Temple (1/1) D:5
   Lair: D:8-11         Orc: D:9-12

Altars:
Ashenzari
Cheibriados
Dithmenos
Elyvilon
Fedhas
Gozag
Hepliaklqana
Kikubaaqudgha
Makhleb
Nemelex Xobeh
Okawaru
Qazlal
Ru
Sif Muna
Trog
Uskayaw
Vehumet
Wu Jian
Xom
Yredelemnul
Zin
The Shining One

Annotations:
D:4 2 runed translucent doors


Message History

Confirm with . or Enter, or press ? or * to list all spells.
Press: ? - help, Dir - move target cursor, f - killer bee
Aim: a killer bee (almost dead, berserk)
You can't place the prism on a creature.
The killer bee stings you!
* * * LOW HITPOINT WARNING * * *
The killer bee barely misses you.
Things that are here:
a +0 robe; a cursed +5 falchion of freezing Unknown command.
The killer bee stings you.
* * * LOW HITPOINT WARNING * * *
You are poisoned.
The killer bee poisons you! The killer bee closely misses you.
There is a stone staircase leading up here.
Unknown command.
You feel sick. The killer bee stings you!
* * * LOW HITPOINT WARNING * * *
The killer bee stings you!
You die...

##†#
######†###
###.....y..#
+.#........#
#..[.y.....#
###...†....#
#.[[.....#
#.yy.....#
#.@......#
#........#
#........#
#........#
#..>.....#
#........#
#........#
##########


You could see 4 killer bees.

Vanquished Creatures
  Harold (D:9)
  A two-headed ogre (D:8)
  The ghost of Finra the Cleaver, a novice HOFi (D:7)
  Pikel (D:5)
  2 rust devils (D:9)
  2 red devils (D:9)
  2 trolls (D:9)
  Sigmund (D:3)
  A water moccasin (D:6)
  An orc warrior (D:8)
  An ice beast (D:5)
  3 sky beasts
  2 necrophages
  A phantom (D:7)
  5 ogres
  2 centaurs
  A lemure (D:5)
  4 bullfrogs
  2 big kobolds
  A wyvern zombie (D:9)
  4 scorpions
  6 killer bees (D:10)
  4 wights (D:10)
  A howler monkey (D:9)
  4 hounds
  2 jellies
  A bullfrog skeleton (D:4)
  3 orc priests
  6 orc wizards
  A centaur skeleton (D:6)
  6 iron imps (D:9)
  4 iguanas
  8 worker ants
  Terence (D:2)
  2 hound skeletons
  12 adders
  4 gnolls (D:5)
  2 shadow imps
  2 white imps (D:5)
  2 ufetubi
  An ooze (D:7)
  An adder skeleton (D:8)
  2 adder zombies
  3 worms
  A dart slug (D:1)
  7 leopard geckos
  26 orcs
  5 giant cockroaches
  8 goblins
  6 hobgoblins
  12 jackals
  2 quokkas
  A ball python (D:2)
  15 bats
  7 frilled lizards
  15 kobolds
  2 leopard gecko skeletons
  A leopard gecko zombie (D:6)
  A quokka skeleton (D:6)
  12 rats
238 creatures vanquished.

Vanquished Creatures (others)
  43 fulminant prisms
  2 withered plants (D:7)
45 creatures vanquished.

Grand Total: 283 creatures vanquished

Notes
Turn   | Place    | Note
-------+----------+-------------------------------------------
     0 | D:1      | graki42 the Deep Elf Conjurer began the quest for the Orb.
     0 | D:1      | Reached XP level 1. HP: 10/10 MP: 6/6
   432 | D:1      | Reached XP level 2. HP: 15/15 MP: 6/8
   437 | D:1      | Learned a level 2 spell: Searing Ray
   845 | D:1      | Reached skill level 5 in Conjurations
  1160 | D:2      | Reached XP level 3. HP: 19/19 MP: 2/9
  1330 | D:2      | Reached XP level 4. HP: 24/24 MP: 7/11
  1445 | D:2      | Reached skill level 4 in Spellcasting
  1697 | D:2      | Noticed Terence
  1707 | D:2      | Killed Terence
  1954 | D:2      | Reached XP level 5. HP: 28/28 MP: 9/14
  1960 | D:2      | Learned a level 4 spell: Fulminant Prism
  2336 | D:3      | Noticed Sigmund
  2363 | D:3      | Reached skill level 5 in Spellcasting
  2363 | D:3      | Reached skill level 1 in Hexes
  2572 | D:3      | Found a faded altar of an unknown god.
  2769 | D:3      | Killed Sigmund
  2769 | D:3      | Reached XP level 6. HP: 22/32 MP: 10/16
  3231 | D:3      | Reached skill level 6 in Spellcasting
  3627 | D:4      | Reached XP level 7. HP: 36/36 MP: 11/18
  3891 | D:4      | Found a large runed translucent door.
  3892 | D:4      | Found a large runed translucent door.
  3942 | D:4      | Found a large runed translucent door.
  3942 | D:4      | Found a large runed translucent door.
  3946 | D:4      | Got a warped lead amulet
  3954 | D:4      | Identified the amulet of Jennurphan {Reflect Str+2 SH+5
                  | Stlth+} (You found it on level 4 of the Dungeon)
  4126 | D:4      | Found a shimmering altar of Xom.
  4245 | D:4      | Found an opulent altar of Gozag.
  4476 | D:4      | Reached skill level 7 in Spellcasting
  4517 | D:4      | Reached skill level 5 in Hexes
  4794 | D:5      | Entered Level 5 of the Dungeon
  4897 | D:5      | Reached XP level 8. HP: 41/41 MP: 10/21
  4986 | D:5      | Found a staircase to the Ecumenical Temple.
  4987 | D:5      | Noticed Pikel
  5021 | D:5      | Killed Pikel
  5021 | D:5      | Reached skill level 8 in Spellcasting
  5168 | D:5      | Got a faintly glowing robe
  5179 | D:5      | Identified the cursed +1 robe of Fortitude {Regen+ MP+9
                  | Dex-5 SInv} (You found it on level 5 of the Dungeon)
  5284 | Temple   | Entered the Ecumenical Temple
  5344 | Temple   | Became a worshipper of Vehumet
  5490 | D:5      | Learned a level 4 spell: Iskenderun's Mystic Blast
  5513 | D:5      | Reached skill level 9 in Spellcasting
  5794 | D:6      | Reached XP level 9. HP: 37/45 MP: 12/24
  5796 | D:6      | Reached * piety under Vehumet
  5796 | D:6      | Offered knowledge of Freeze by Vehumet.
  6096 | D:6      | Found a shadowy altar of Dithmenos.
  6096 | D:6      | Found a burning altar of Makhleb.
  6098 | D:6      | Found a shimmering blue altar of Sif Muna.
  6336 | D:7      | You fall into a shaft and drop 2 floors!
  6441 | D:8      | Noticed Harold
  6453 | D:9      | Killed Harold
  6453 | D:9      | Reached skill level 10 in Spellcasting
  6474 | D:9      | Noticed a troll
  6478 | D:9      | Killed a troll
  6709 | D:9      | Noticed a troll
  6715 | D:9      | Killed a troll
  6715 | D:9      | Reached skill level 10 in Conjurations
  6924 | D:8      | Reached skill level 1 in Shields
  7151 | D:7      | Found a runed translucent door.
  7152 | D:7      | Noticed Finra's ghost (novice HOFi)
  7259 | D:7      | Reached skill level 11 in Spellcasting
  7262 | D:7      | Reached skill level 10 in Hexes
  7262 | D:7      | Reached XP level 10. HP: 41/50 MP: 27/27
  7267 | D:7      | Reached ** piety under Vehumet
  7267 | D:7      | Offered knowledge of Shock by Vehumet.
  7358 | D:7      | Found an ancient bone altar of Kikubaaqudgha.
  7588 | D:7      | Killed Finra's ghost
  7588 | D:7      | Reached skill level 1 in Translocations
  7970 | D:8      | Noticed a two-headed ogre
  7993 | D:8      | Killed a two-headed ogre
  8620 | D:9      | Noticed a rust devil
  8620 | D:9      | Noticed a rust devil
  8624 | D:9      | Offered knowledge of Mephitic Cloud by Vehumet.
  8675 | D:9      | Found an ancient bone altar of Kikubaaqudgha.
  8678 | D:9      | Reached skill level 12 in Spellcasting
  8687 | D:9      | Killed a rust devil
  8702 | D:9      | Killed a rust devil
  9216 | D:10     | Entered Level 10 of the Dungeon
  9274 | D:10     | Reached *** piety under Vehumet
  9274 | D:10     | Reached XP level 11. HP: 24/54 MP: 29/29
  9277 | D:10     | HP: 1/54 [killer bee (13)]
  9277 | D:10     | Mangled by a killer bee

Illustrated notes

Levels and vault maps discovered:
D:1:      dpeg_arrival_rooms_a, layout_basic, minmay_misc_feat_roman
D:2:      layout_loops_ring, hangedman_glass_teeth, uniq_terence
D:3:      layout_loops_ring, chequers_ecumenical_altar_island, uniq_sigmund
D:4:      layout_basic, nicolae_gozag_cash_rules_everything_around_me,
          kennysheep_mini, minivault_27, minmay_hollow_rounded_squares
D:5:      layout_basic, minmay_temple_entry_mist, uniq_pikel
D:6:      layout_cave_pools, minitemple
D:7:      layout_rooms, kiku_gazebo_pond_becter, gammafunk_ghost_grave
D:8:      layout_loops_ring, kennysheep_decorative_pillar, uniq_harold
D:9:      layout_basic, lemuel_hellish_altar
D:10:     layout_roguey, special_room [special_room_bee],
          minmay_misc_feat_more_columns, minmay_starry_boxes
Temple:   nicolae_temple_x_marks_the_god

Skill      XL: |  1  2  3  4  5  6  7  8  9 10 |
---------------+-------------------------------+-----
Conjurations   | 5 6 7 9 10 11 | 11.4
Dodging        | 3 |  3.0
Stealth        | 3 |  3.0
Spellcasting   | 4 5 6 7 9 11 12 | 12.4
Hexes          | 3 5 7 10 | 10.0
Shields        | 1 4 |  4.0
Translocations | 4 |  4.0

Action                   |  1- 3 |  4- 6 |  7- 9 | 10-12 || total
-------------------------+-------+-------+-------+-------++-------
Melee: Whip              |       |       |     4 |     2 ||     6
Throw: Dart              |       |     1 |       |       ||     1
 Cast: Magic Dart        |    56 |    87 |    82 |    22 ||   247
       Searing Ray       |       |    12 |    45 |    19 ||    76
       Fulminant Prism   |       |     2 |    12 |    29 ||    43
       Iskenderun's Myst |       |       |     4 |     1 ||     5
  Use: Scroll            |       |       |       |    18 ||    18
Armor: Robe              |       |     4 |     8 |     9 ||    21
Dodge: Dodged            |     6 |     7 |    22 |    29 ||    64
Block: Other             |       |       |     7 |     9 ||    16
       Reflection        |       |       |     2 |       ||     2

Table legend: (Time is in decaauts)
 A = Elapsed time spent in this place.
 B = Non-inter-level travel time spent in this place.
 C = Inter-level travel time spent in this place.
 D = Time resting spent in this place.
 E = Time spent auto-exploring this place.
 F = Levels seen in this place.
 G = Mean time per level.
                   A        B        C        D        E       F      G
               +--------+--------+--------+--------+--------+-----+--------+
         Total |   9292 |   9063 |    229 |   1160 |   6618 |  11 |  844.7 |
       Dungeon |   9228 |   9003 |    225 |   1160 |   6575 |  10 |  922.8 |
        Temple |     64 |     60 |      4 |      0 |     43 |   1 |   64.0 |
               +--------+--------+--------+--------+--------+-----+--------+

Top non-repeatable levels by time:
     D:3: 1247 daAuts
     D:4: 1245 daAuts
     D:2: 1243 daAuts
     D:9: 1180 daAuts
     D:1: 1068 daAuts
     D:5: 1001 daAuts
     D:8: 939 daAuts
     D:7: 795 daAuts
     D:6: 461 daAuts
  Temple: 64 daAuts
    D:10: 44 daAuts
